 Dungeon Crawl Stone Soup version 0.22.1-2-g9c5b331383 (webtiles) character file.

13702 Peloso the Carver (level 11, -3/97 HPs)
             Began as a Minotaur Fighter on Dec 24, 2018.
             Was a High Priest of Okawaru.
             Slain by a slime creature (6 damage)
             ... on level 11 of the Dungeon.
             The game lasted 00:21:06 (10364 turns).

Peloso the Carver (Minotaur Fighter)               Turns: 10364, Time: 00:21:07

Health: -3/97      AC: 18    Str: 27    XL:     11   Next: 79%
Magic:  11/11      EV:  9    Int:  5    God:    Okawaru [*****.]
Gold:   760        SH: 14    Dex: 12    Spells: 10/10 levels left

rFire    . . .     SeeInvis .   a - +0 long sword
rCold    . . .     Gourm    .   c - +1 shield
rNeg     . . .     Faith    .   C - +0 plate armour
rPois    .         Spirit   .   (helmet restricted)
rElec    .         Reflect  .   (no cloak)
rCorr    +         Harm     .   B - +2 pair of gloves {Str+3}
MR       .....                  (no boots)
Stlth    ..........             (no amulet)
HPRegen  0.26/turn              p - +2 ring of strength
MPRegen  0.12/turn              u - ring of resist corrosion

@: no status effects
A: retaliatory headbutt, horns 2
a: Heroism, Finesse, Renounce Religion


You were on level 11 of the Dungeon.
You worshipped Okawaru.
Okawaru was extremely pleased with you.
You were not hungry.

You visited 1 branch of the dungeon, and saw 12 of its levels.

You collected 760 gold pieces.

Inventory:

Hand Weapons
 a - a +0 long sword (weapon)
 w - the +3 hand axe "Iddewoap" {venom, rF+ Int+5 Dex+6}
   (You found it on level 5 of the Dungeon)

   It poisons the flesh of those it strikes.
   It affects your intelligence (+5).
   It affects your dexterity (+6).
   It protects you from fire.
 H - a +1 vampiric war axe
Armour
 b - a +0 scale mail
 c - a +1 shield (worn)
 m - a +0 pair of gloves
 t - a +0 chain mail
 B - a +2 pair of gloves of strength (worn)
 C - a +0 plate armour (worn)
Jewellery
 p - a +2 ring of strength (left hand)
 u - a ring of resist corrosion (right hand)
Wands
 e - a wand of flame (44)
 o - a wand of random effects (14)
 y - a wand of enslavement (16)
 J - a wand of iceblast (8)
Scrolls
 k - 2 scrolls of enchant armour
 l - 5 scrolls of remove curse
 s - a scroll of noise
 v - 3 scrolls of magic mapping {unknown}
 z - a scroll of fog
 A - 4 scrolls of identify
 D - 3 scrolls of teleportation
 E - a scroll of blinking {unknown}
 G - 3 scrolls of amnesia {unknown}
 I - a scroll of enchant weapon {unknown}
 K - a scroll of fear {unknown}
Potions
 d - a potion of might
 g - a potion of cancellation {unknown}
 h - 3 potions of mutation
 i - 4 potions of brilliance
 j - 5 potions of curing
 n - 2 potions of flight
 q - 2 potions of berserk rage
 r - a potion of haste
 x - 2 potions of degeneration {unknown}
 F - 2 potions of invisibility {unknown}
Comestibles
 f - 21 rations


   Skills:
 + Level 9.2 Fighting
 + Level 12.8 Long Blades
 + Level 11.4 Armour
 + Level 4.6 Dodging
 + Level 1.0 Stealth
 + Level 11.8 Shields
 + Level 0.2 Invocations
 + Level 1.4 Evocations


You had 10 spell levels left.
You didn't know any spells.
Your spell library contained the following spells:

 Spells                   Type           Power        Failure   Level  Hunger
 Sting                    Conj/Pois      #...         100%        1    ##.....
 Poisonous Vapours        Pois/Air       #.....       100%        2    ###....
 Mephitic Cloud           Conj/Pois/Air  #.......     100%        3    ####...
 Summon Guardian Golem    Hex/Summ       #.......     100%        3    ####...
 Olgreb's Toxic Radiance  Pois           #.......     100%        4    #####..
 Silence                  Hex/Air        #.........   100%        5    ######.
 Venom Bolt               Conj/Pois      #.........   100%        5    ######.
 Yara's Violent Unravell  Hex/Tmut       #.........   100%        5    ######.


Dungeon Overview and Level Annotations

Branches:
Dungeon (12/15)            Temple (0/1) D:5            Lair (0/6) D:10
    Orc (0/2) D:11

Altars:
Cheibriados
Dithmenos
Elyvilon
Kikubaaqudgha
Okawaru
Qazlal
Trog
Uskayaw
Vehumet
Xom

Shops:
D:7 [   D:12 :


Innate Abilities, Weirdness & Mutations

You reflexively headbutt those who attack you in melee.
You have a pair of horns on your head.


Message History

Two slime creatures merge to form a very large slime creature.
The slime creature hits you.
* * * LOW HITPOINT WARNING * * *
There is a stone staircase leading up here.
The slime creature hits you but does no damage.
You climb upwards.
There is a stone staircase leading down here.
You hit the slime creature.
The slime creature is lightly wounded.
You slash the slime creature! You headbutt the slime creature.
The slime creature is moderately wounded.
The slime creature hits you but does no damage.
You slash the slime creature!
The slime creature is heavily wounded.
The slime creature hits you!
* * * LOW HITPOINT WARNING * * *
You hit the slime creature. You headbutt the slime creature!
The slime creature is severely wounded.
The slime creature hits you.
You die...

.##.........#...##..#..#
.##...#.....#...##..#.##
........##.[..###...#)#
#...#..###...####.###[#
#.......##...###..##[)#
...####.......##..##.##
.....#........#...#..#
.###...#.#.......##.###
.#..............@.....##
.#.##...<.....#.J......##
.#.................###.>#
...##.....#........# ####
..###.....#.......###
....#.....#.........#
.#...........)..#...######
.#........#.###>#........#
.......#.......>#........#


You could see a slime creature.

Vanquished Creatures
  Josephine (D:11)
  Harold (D:7)
  2 two-headed ogres
  2 gargoyles
  A troll (D:11)
  5 slime creatures
  4 hippogriffs
  10 yaks (D:10)
  3 wraiths (D:11)
  A hungry ghost (D:11)
  An acid dragon (D:11)
  Duvessa (D:7)
  An eye of draining (D:11)
  3 orc warriors
  4 ice beasts
  A sky beast (D:5)
  A black bear (D:8)
  2 phantoms
  2 necrophages
  7 ogres
  6 centaurs
  3 big kobolds
  7 bullfrogs
  A wyvern skeleton (D:12)
  8 killer bees
  2 scorpions
  Dowan (D:7)
  8 wights
  4 howler monkeys
  A bullfrog zombie (D:8)
  3 crimson imps
  7 orc priests
  4 hounds
  A gnoll shaman (D:4)
  4 jellies
  2 bullfrog skeletons
  3 centaur skeletons
  13 orc wizards
  An iguana (D:8)
  10 worker ants
  A hound zombie (D:7)
  A hound skeleton (D:11)
  A worker ant zombie (D:7)
  7 gnolls
  13 adders
  3 river rats (D:5)
  3 shadow imps
  An ooze (D:1)
  An adder zombie (D:5)
  An adder skeleton (D:4)
  7 worms
  A dart slug (D:1)
  3 leopard geckos
  37 orcs
  A bat zombie (D:7)
  5 giant cockroaches
  4 goblins (D:1)
  13 hobgoblins
  9 jackals
  6 quokkas
  A ball python (D:3)
  7 bats
  3 frilled lizards
  A jackal skeleton (D:5)
  19 kobolds
  5 rats
  2 rat zombies (D:7)
298 creatures vanquished.

Notes
Turn   | Place    | Note
-------+----------+-------------------------------------------
     0 | D:1      | Peloso the Minotaur Fighter began the quest for the Orb.
     0 | D:1      | Reached XP level 1. HP: 19/19 MP: 0/0
   118 | D:1      | Reached XP level 2. HP: 23/27 MP: 1/1
   203 | D:1      | Reached XP level 3. HP: 27/33 MP: 2/2
   261 | D:1      | Reached skill level 3 in Long Blades
   843 | D:2      | Reached skill level 4 in Long Blades
   843 | D:2      | Reached XP level 4. HP: 39/41 MP: 3/3
   853 | D:2      | Found a shadowy altar of Dithmenos.
   967 | D:2      | Found a white marble altar of Elyvilon.
  1349 | D:3      | Reached XP level 5. HP: 44/47 MP: 4/4
  1692 | D:3      | Reached skill level 5 in Long Blades
  1711 | D:3      | Reached skill level 1 in Dodging
  2138 | D:4      | Reached XP level 6. HP: 38/53 MP: 5/5
  2195 | D:4      | Reached skill level 5 in Shields
  2296 | D:4      | Reached skill level 5 in Armour
  2330 | D:4      | Reached skill level 6 in Long Blades
  2531 | D:4      | Found a bloodstained altar of Trog.
  2533 | D:4      | Found a stormy altar of Qazlal.
  2533 | D:4      | Found a snail-covered altar of Cheibriados.
  2663 | D:4      | Noticed an ice beast
  2672 | D:4      | Killed an ice beast
  2672 | D:4      | Reached XP level 7. HP: 60/60 MP: 6/6
  3232 | D:5      | Entered Level 5 of the Dungeon
  3324 | D:5      | Found a staircase to the Ecumenical Temple.
  3327 | D:5      | You fall through a shaft for 3 floors!
  3367 | D:8      | Reached skill level 7 in Long Blades
  3400 | D:8      | Reached skill level 5 in Fighting
  3562 | D:7      | Reached XP level 8. HP: 44/68 MP: 7/7
  3619 | D:7      | Noticed Harold
  3647 | D:7      | Killed Harold
  3647 | D:7      | Reached skill level 8 in Long Blades
  3647 | D:7      | Reached skill level 1 in Stealth
  3732 | D:7      | Reached XP level 9. HP: 30/75 MP: 8/8
  3748 | D:7      | Found Xiudd's Armour Emporium.
  3785 | D:5      | Found an iron altar of Okawaru.
  3957 | D:5      | Reached skill level 9 in Long Blades
  4056 | D:5      | Got a jewelled hand axe
  4391 | D:5      | Became a worshipper of Warmaster Okawaru
  4508 | D:6      | Noticed a two-headed ogre
  4517 | D:6      | Killed a two-headed ogre
  4517 | D:6      | Reached * piety under Okawaru
  4517 | D:6      | Reached skill level 10 in Long Blades
  4531 | D:6      | Identified the cursed +3 hand axe "Iddewoap" {venom, rF+
                  | Int+5 Dex+6} (You found it on level 5 of the Dungeon)
  4786 | D:6      | Found a hide-covered altar of Uskayaw.
  5242 | D:7      | Noticed Dowan
  5268 | D:7      | Killed Dowan
  5289 | D:7      | Reached XP level 10. HP: 80/84 MP: 9/9
  5289 | D:7      | Noticed Duvessa
  5306 | D:7      | Killed Duvessa
  5439 | D:7      | Found an ancient bone altar of Kikubaaqudgha.
  5668 | D:7      | Identified the Collected Works on Ensnaring Poison
  5888 | D:8      | Reached ** piety under Okawaru
  6210 | D:8      | Reached skill level 11 in Long Blades
  6807 | D:9      | Found an iron altar of Okawaru.
  7286 | D:9      | Found a radiant altar of Vehumet.
  7997 | D:10     | Entered Level 10 of the Dungeon
  8128 | D:10     | Found a staircase to the Lair.
  8193 | D:10     | Reached *** piety under Okawaru
  8193 | D:10     | Reached skill level 10 in Armour
  8211 | D:10     | Reached skill level 10 in Shields
  8330 | D:10     | Reached XP level 11. HP: 85/94 MP: 10/10
  8333 | D:10     | Reached **** piety under Okawaru
  8880 | D:11     | Found a shimmering altar of Xom.
  8902 | D:11     | Noticed Josephine
  8912 | D:11     | Killed Josephine
  8912 | D:11     | Reached skill level 12 in Long Blades
  8984 | D:11     | Found a staircase to the Orcish Mines.
  9644 | D:11     | Noticed a two-headed ogre
  9657 | D:11     | Killed a two-headed ogre
  9657 | D:11     | Reached ***** piety under Okawaru
 10079 | D:11     | Reached skill level 1 in Evocations
 10284 | D:12     | Found Yhewniv's Book Boutique.
 10363 | D:11     | HP: 3/97 [slime creature (11)]
 10364 | D:11     | Slain by a slime creature

Skill      XL: |  1  2  3  4  5  6  7  8  9 10 11 |
---------------+----------------------------------+-----
Fighting       | 4 5 6 8 9 |  9.2
Shields        | 4 5 6 7 8 10 11 | 11.8
Long Blades    | 4 5 6 7 8 10 11 12 | 12.8
Armour         | 4 5 6 7 9 10 11 | 11.4
Dodging        | 1 2 3 4 |  4.6
Stealth        | 1 |  1.0
Evocations     | 1 |  1.4
Invocations    | |  0.2

Action                   |  1- 3 |  4- 6 |  7- 9 | 10-12 || total
-------------------------+-------+-------+-------+-------++-------
Melee: Long sword        |    72 |   163 |   331 |   598 ||  1164
       Headbutt          |    15 |    33 |    75 |   182 ||   305
Invok: Heroism           |       |       |       |     3 ||     3
Evoke: Wand              |       |       |     3 |     5 ||     8
  Use: Scroll            |       |     9 |     3 |     4 ||    16
       Potion            |       |     1 |     2 |     1 ||     4
  Eat: Chunk             |       |     6 |     9 |    15 ||    30
       Ration            |       |       |       |     1 ||     1
Armor: Scale mail        |    32 |    54 |    27 |       ||   113
       Chain mail        |       |       |    86 |    27 ||   113
       Plate armour      |       |       |       |   185 ||   185
Dodge: Dodged            |    29 |    42 |    53 |   127 ||   251
Block: Shield            |    39 |    76 |   175 |   348 ||   638
       Rpst.: Long sword |     8 |    10 |    12 |    35 ||    65
